 Dungeon Crawl Stone Soup version 0.20.0-15-g7f486f2 (webtiles) character file.

966 plum the Ruffian (level 7, -4/67 HPs)
             Began as a Troll Hunter on June 29, 2017.
             Slain by a yak (9 damage)
             ... on level 7 of the Dungeon.
             The game lasted 00:06:41 (3218 turns).

plum the Ruffian (Troll Hunter)                     Turns: 3218, Time: 00:06:42

Health: -4/67      AC:  5    Str: 26    XL:     7   Next: 93%
Magic:  6/6        EV: 11    Int:  7    God:
Gold:   291        SH:  0    Dex: 12    Spells: 6/6 levels left

rFire    . . .     SeeInvis .     - Unarmed
rCold    . . .     Gourm    +   (no shield)
rNeg     . . .     Faith    .   b - +0 robe
rPois    .         Spirit   .   (helmet restricted)
rElec    .         Reflect  .   (no cloak)
rCorr    .         Harm     .   (gloves unavailable)
MR       .....                  (boots unavailable)
Stlth    +.........             (no amulet)
Regen    0.7/turn               (no ring)
MPRegen  0.1/turn               (no ring)

@: mighty
A: unfitting armour, claws 3, fast metabolism 3, gourmand, regeneration 1,
shaggy fur 1, tough skin 2
a: no special abilities


You were on level 7 of the Dungeon.
You were very full.

You visited 1 branch of the dungeon, and saw 7 of its levels.

You collected 291 gold pieces.

Inventory:

Hand Weapons
 a - a +1 short sword
 v - a +0 giant spiked club
Missiles
 c - a large rock (quivered)
 d - 3 throwing nets
Armour
 b - a +0 robe (worn)
Jewellery
 e - an uncursed amulet of harm
 m - a cursed ring of see invisible {unknown}
 s - a cursed ring of loudness {unknown}
Scrolls
 h - 4 scrolls of teleportation
 l - 2 scrolls of enchant weapon
 o - a scroll of fear {unknown}
 q - 2 scrolls of remove curse {unknown}
 r - a scroll of enchant armour {unknown}
Potions
 g - 2 potions of curing
 n - a potion of berserk rage
 p - a potion of flight
 t - a potion of lignification {unknown}
 u - a potion of agility {unknown}
 w - a potion of brilliance {unknown}
Comestibles
 f - 6 bread rations
 i - 3 meat rations
 k - 3 royal jellies


   Skills:
 + Level 3.0 Fighting
 - Level 3.6 Throwing
 + Level 3.1 Dodging
 - Level 0.4 Stealth
 * Level 7.8 Unarmed Combat


You had 6 spell levels left.
You didn't know any spells.

Dungeon Overview and Level Annotations

Branches:
Dungeon (8/15)
 Temple: D:4-7         Lair: D:8-11

Altars:
Dithmenos
Sif Muna
Yredelemnul


Innate Abilities, Weirdness & Mutations

You are too large for most types of armour.
You have claws for hands.
Your metabolism is lightning-fast.
You like to eat raw meat.
Your natural rate of healing is unusually fast.
You are covered in fur. (AC +1)
You have very tough skin. (AC +2)


Message History

Unknown command.
Throwing (i - inventory. (,) - cycle):
c - 2 large rocks (quivered)
Press: ? - help, Shift-Dir - straight line, f - yak
Aim: a yak (heavily wounded)
You throw a large rock. The large rock hits the yak!!
You kill the yak!
Your Fighting skill increases to level 3!
Your Dodging skill increases to level 3!
The yak gores you!
* * * LOW HITPOINT WARNING * * *
Unknown command.
You feel better. The yak closely misses you.
You claw the yak!
The yak is moderately wounded.
The yak gores you!
* * * LOW HITPOINT WARNING * * *
You claw the yak!
The yak is severely wounded.
The yak gores you!
You die...

### #Y.# #..
.... #(# #$.#
#.###..#
#Y##...###
##@##.....#
#..5#.....#
#.#.......#
#...[.....#
####......#####
#..........#
#..#.#####.#
#..#.#####.#
#......>...#


You could see a yak and a crimson imp.

Vanquished Creatures
  3 yaks (D:7)
  An ogre (D:7)
  A phantom (D:7)
  2 big kobolds (D:3)
  A bullfrog zombie (D:5)
  Terence (D:3)
  Robin (D:2)
  4 adders
  An ooze (D:3)
  3 worms
  2 dart slugs
  3 leopard geckos
  3 orcs
  6 giant cockroaches
  11 hobgoblins
  9 jackals
  A quokka (D:3)
  A ball python (D:3)
  6 bats
  2 frilled lizards
  16 goblins
  14 kobolds
  A quokka skeleton (D:8)
  5 rats
98 creatures vanquished.

Vanquished Creatures (others)
  A goblin (D:3)
1 creature vanquished.

Grand Total: 99 creatures vanquished

Notes
Turn   | Place    | Note
-------+----------+-------------------------------------------
     0 | D:1      | plum the Troll Hunter began the quest for the Orb.
     0 | D:1      | Reached XP level 1. HP: 19/19 MP: 0/0
   197 | D:1      | Reached skill level 1 in Unarmed Combat
   405 | D:1      | Reached XP level 2. HP: 27/27 MP: 1/1
   607 | D:1      | Reached skill level 2 in Unarmed Combat
  1209 | D:2      | Reached XP level 3. HP: 26/33 MP: 2/2
  1316 | D:2      | Reached skill level 3 in Unarmed Combat
  1368 | D:2      | Found a shadowy altar of Dithmenos.
  1681 | D:2      | Reached XP level 4. HP: 41/41 MP: 3/3
  1717 | D:2      | Noticed Robin
  2092 | D:2      | Killed Robin
  2092 | D:2      | Reached skill level 4 in Unarmed Combat
  2304 | D:3      | Found a basalt altar of Yredelemnul.
  2408 | D:3      | Noticed a big kobold
  2410 | D:3      | Noticed a big kobold
  2421 | D:3      | Killed a big kobold
  2421 | D:3      | Reached skill level 5 in Unarmed Combat
  2421 | D:3      | Reached XP level 5. HP: 42/48 MP: 4/4
  2438 | D:3      | Reached XP level 6. HP: 30/55 MP: 5/5
  2481 | D:3      | Noticed Terence
  2502 | D:3      | Killed Terence
  2502 | D:3      | Reached skill level 6 in Unarmed Combat
  3053 | D:5      | Entered Level 5 of the Dungeon
  3083 | D:5      | Found a deep blue altar of Sif Muna.
  3095 | D:5      | You fall through a shaft for 3 floors!
  3114 | D:8      | Noticed an orc warrior
  3172 | D:7      | Reached XP level 7. HP: 45/65 MP: 6/6
  3189 | D:7      | Noticed a yak
  3190 | D:7      | Noticed a yak
  3201 | D:7      | Killed a yak
  3201 | D:7      | Reached skill level 7 in Unarmed Combat
  3203 | D:7      | Noticed a yak
  3207 | D:7      | Noticed a yak
  3209 | D:7      | Killed a yak
  3215 | D:7      | Killed a yak
  3218 | D:7      | Slain by a yak

Skill      XL: |  1  2  3  4  5  6  7 |
---------------+----------------------+-----
Unarmed Combat | 1 2 3 5 6 7 |  7.8
Dodging        | 2 3 |  3.1
Fighting       | 2 3 |  3.0
Throwing       | |  3.6
Stealth        | |  0.4

Action                   |  1- 3 |  4- 6 |  7- 9 || total
-------------------------+-------+-------+-------++-------
Melee: Unarmed           |   102 |   156 |    15 ||   273
       Punch             |       |     1 |     1 ||     2
Throw: Large rock        |       |     9 |     3 ||    12
  Use: Scroll            |     3 |     3 |       ||     6
       Potion            |       |       |     2 ||     2
 Stab: Sleeping          |       |     1 |       ||     1
  Eat: Chunk             |    21 |    12 |       ||    33
Armor: Robe              |    54 |    51 |     3 ||   108
Dodge: Dodged            |    42 |    76 |     4 ||   122
